 Dungeon Crawl Stone Soup version 0.30.0-16-gbe6223bb7e (webtiles) character file.

Game seed: 630734971234876797

199 meatpath the Shield-Bearer (level 5, -1/34 HPs)
             Began as a Gargoyle Fighter on May 20, 2023.
             Was an Initiate of the Shining One.
             Slain by an orc
             ... wielding a +0 war axe
              (5 damage)
             ... on level 3 of the Dungeon.
             The game lasted 00:06:34 (2723 turns).

meatpath the Shield-Bearer (Gargoyle Fighter)       Turns: 2723, Time: 00:06:35

Health: -1/34      AC: 13    Str: 22    XL:     5   Next: 77%
Magic:  5/5        EV:  8    Int:  8    God:    the Shining One [......]
Gold:   143        SH:  4    Dex:  9    Spells: 2/4 levels left

rFire   . . .        g - +0 whip (protect)
rCold   . . .        c - +0 buckler
rNeg    + . .        l - +0 chain mail
rPois   ∞            (no helmet)
rElec   +            (no cloak)
rCorr   .            (no gloves)
SInv    .            (no boots)
Will    .....        (no amulet) Stlth
                     (no ring)
HPRegen 0.25/turn    (no ring)
MPRegen 0.09/turn

%: no passive effects
@: glowing
A: sickness immunity, AC +4, negative energy resistance 1, electricity
resistance, torment resistance 1, petrification resistance
a: Renounce Religion


You were on level 3 of the Dungeon.
You worshipped the Shining One.
The Shining One was noncommittal.
You visited 1 branch of the dungeon, and saw 4 of its levels.

You collected 143 gold pieces.

Inventory:

Hand Weapons
 a - a +0 flail
 g - a +0 whip of protection (weapon)
Armour
 c - a +0 buckler (worn)
 l - a +0 chain mail (worn)
Jewellery
 e - a ring of fire
Wands
 p - a wand of flame (15)
Scrolls
 f - 2 scrolls of teleportation
 h - 2 scrolls of noise
 j - a scroll of immolation
 k - 2 scrolls of fog
 n - a scroll of acquirement {unknown}
Potions
 b - 3 potions of heal wounds {unknown}
 i - 2 potions of resistance {unknown}
 m - a potion of curing {unknown}
 q - a potion of flight {unknown}


   Skills:
 + Level 4.7 Fighting
 + Level 3.6 Maces & Flails
 - Level 3.2 Armour
 + Level 4.8 Shields


You had 2 spell levels left.
You knew the following spells:

 Your Spells              Type           Power      Damage    Failure   Level
a - Blink                 Tloc           0%         N/A       99%         2

Your spell library contained the following spells:

 Spells                   Type           Power      Damage    Failure   Level
 Beastly Appendage        Tmut           0%         N/A       98%         1
 Wereblood                Tmut           0%         N/A       99%         2
 Spider Form              Tmut/Pois      0%         N/A       100%        3
 Manifold Assault         Tloc           0%         N/A       100%        4
 Storm Form               Tmut/Air       0%         N/A       100%        7


Dungeon Overview and Level Annotations

Branches:
Dungeon (4/15)
 Temple: D:4-7

Altars:
Okawaru
Ru
The Shining One

Shops:
D:2 (


Innate Abilities, Weirdness & Mutations

You are immune to sickness and miasma.
Your stone body is resilient. (AC +4)
You are immune to poison.
You resist negative energy. (rN+)
You are resistant to electric shocks. (rElec)
You are resistant to unholy torment.
You are immune to petrification.


Message History

You closely miss the iguana.
The iguana is almost dead.
You block the iguana's attack.
You hit the iguana but do no damage.
The iguana is severely wounded.
You block the iguana's attack.
You hit the iguana.
The iguana is almost dead.
The iguana bites you but does no damage.
You hit the iguana.
The iguana is almost dead.
The iguana bites you but does no damage.
You hit the iguana.
The iguana is almost dead.
The iguana closely misses you.
You hit the iguana.
You kill the iguana!
You barely miss the orc. The orc hits you but does no damage.
You closely miss the orc. The orc barely misses you.
You closely miss the orc. The orc barely misses you.
You closely miss the orc. You hit the orc.
The orc is moderately wounded.
The orc hits you with a +0 war axe.
* * * LOW HITPOINT WARNING * * *
You closely miss the orc.
The orc is moderately wounded.
The orc hits you but does no damage.
Okay, then.
The orc attacks as you move away! The orc hits you but does no damage.
The orc attacks as you move away! The orc completely misses you.
The orc attacks as you move away! The orc hits you but does no damage.
The orc attacks as you move away! The orc hits you but does no damage.
The orc attacks as you move away! The orc hits you but does no damage.
The orc attacks as you move away! The orc hits you with a +0 war axe.
* * * LOW HITPOINT WARNING * * *
You barely miss the orc.
The orc is moderately wounded.
The orc hits you with a +0 war axe.
You die...

########### #.........#
#.#######.# #.# #.# ###†#
###.##### ##.#.# #..#....#
#########....#####.#.###.##
#.....>....................
#.#####...@o.........###... #.#
##.###.#######...######
######.###.## ##.# #...##....
#...)......# #.# ##...##.###
#.####.###.## ##.## #........##
#......# ##.###.#.## #..........
#......#####...###.###........##
#.._8_..<.###.## ##.###.).##.##
#.......#.# ##.###......#.##.#


You could see an orc.

Vanquished Creatures
  An iguana (D:3)
  Jessica (D:3)
  Terence (D:2)
  6 adders
  3 worms
  2 dart slugs (D:1)
  2 bats (D:2)
  2 endoplasms (D:1)
  4 giant cockroaches
  5 goblins
  7 hobgoblins
  7 kobolds
  3 quokkas
  4 ball pythons
  2 frilled lizards
  5 rats (D:3)
55 creatures vanquished.

Notes
Turn   | Place    | Note
-------+----------+-------------------------------------------
     0 | D:1      | meatpath the Gargoyle Fighter began the quest for the Orb.
     0 | D:1      | Reached XP level 1. HP: 14/14 MP: 1/1
   129 | D:1      | Reached XP level 2. HP: 17/19 MP: 2/2
   708 | D:1      | Reached XP level 3. HP: 24/24 MP: 3/3
   896 | D:2      | Found a glowing golden altar of the Shining One.
   907 | D:2      | Became a worshipper of the Shining One
   916 | D:2      | Learned a level 2 spell: Blink
  1032 | D:2      | Reached XP level 4. HP: 16/29 MP: 4/4
  1041 | D:2      | Found Naod's Weapon Shoppe.
  1094 | D:2      | Found a faded altar of an unknown god.
  1269 | D:2      | Noticed Terence
  1293 | D:2      | Killed Terence
  1694 | D:3      | Found a sacrificial altar of Ru.
  1694 | D:3      | Found an iron altar of Okawaru.
  1790 | D:3      | Noticed Jessica
  1806 | D:3      | Killed Jessica
  1807 | D:3      | Reached XP level 5. HP: 34/34 MP: 5/5
  2434 | D:4      | Noticed a black bear
  2723 | D:3      | Slain by an orc

Illustrated notes

Levels and vault maps discovered:
D:1:      nicolae_arrival_somewhat_less_tricky_arrival, layout_basic
D:2:      layout_loops_ring, serial_shops, shop, basic_altar,
          ebering_ecumenical_altar_rust, minmay_tree_intersection,
          grunt_decor_cap, uniq_terence
D:3:      layout_loops_ring, chequers_temple_overflow_statue_of_worship,
          uniq_jessica
D:4:      minmay_diamond_boxcup, layout_cave_pools, kennysheep_generic_room_16,
          uniq_crazy_yiuf_cottage

Skill      XL: |  1  2  3  4 |
---------------+-------------+-----
Fighting       | 4 |  4.7
Shields        | 4 |  4.8
Maces & Flails | 3 |  3.6
Armour         | |  3.2

Action                     |  1- 3 |  4- 6 || total
---------------------------+-------+-------++-------
  Melee: Flail             |    83 |    67 ||   150
         Whip              |       |    68 ||    68
    Use: Scroll            |     2 |     7 ||     9
         Potion            |     1 |     1 ||     2
 Armour: Scale mail        |    35 |    18 ||    53
         Chain mail        |       |    79 ||    79
  Dodge: Dodged            |    37 |    58 ||    95
  Block: Buckler           |    21 |    19 ||    40
